 Dungeon Crawl Stone Soup version 0.29.0-4-gdea44cf6ec (webtiles) character file.

Game seed: 8147832072994765064

9455 qw the Cleaver (level 11, -5/64 HPs)
             Began as a Tengu Warper on Aug 28, 2022.
             Was a High Priest of Okawaru.
             Slain by a cyan ugly thing (11 damage)
             ... on level 9 of the Dungeon.
             The game lasted 00:01:09 (7594 turns).

qw the Cleaver (Tengu Warper)                       Turns: 7594, Time: 00:01:09

Health: -5/64      AC:  0    Str: 16    XL:     11   Next: 46%
Magic:  17/17      EV: 22    Int: 14    God:    Okawaru [*****.]
Gold:   194        SH:  0    Dex: 13    Spells: 14/14 levels left

rFire   . . .      SeeInvis .     - Unarmed
rCold   . . .      Faith    .   (shield currently unavailable)
rNeg    . . .      Spirit   .   (body armour currently unavailable)
rPois   .          Reflect  .   (helmet currently unavailable)
rElec   .          Harm     .   (cloak currently unavailable)
rCorr   .          Rampage  .   (gloves currently unavailable)
Will    .....                   (boots unavailable)
Stlth   +++.......              i - amulet of regeneration
HPRegen 1.00/turn               (ring currently unavailable)
MPRegen 0.15/turn               (ring currently unavailable)

@: pig-form, heroic, flying quickly and evasively, very quick
A: fast, flying, no casting, small, (beak), (talons 3), nimble flight
a: Renounce Religion, Heroism, Finesse, Duel


You were on level 9 of the Dungeon.
You worshipped Okawaru.
Okawaru was extremely pleased with you.
You were a filthy swine.
You visited 1 branch of the dungeon, and saw 11 of its levels.

You collected 639 gold pieces.
You spent 445 gold pieces at shops.


Innate Abilities, Weirdness & Mutations

You are a filthy swine.
You move quickly.
You are flying.
Your equipment is almost entirely melded.
You are incapable of wielding weapons or throwing items.
You cannot cast spells.
((You have a beak for a mouth.))
((You have claws for feet.))
Your magical nature lets you fly swiftly and evasively.


   Skills:
 - Level 6.1(11.1) Fighting
 - Level 13.8(18.8) Axes
 - Level 3.0(8.0) Throwing
 + Level 5.1(10.1) Armour
 - Level 4.0(9.0) Dodging
 - Level 4.3(9.3) Shields
 - Level 2.0 Spellcasting
 - Level 2.4 Translocations
 + Level 6.8 Invocations


You had 14 spell levels left.
You didn't know any spells.
Your spell library contained the following spells:

 Spells                   Type           Power      Damage    Failure   Level
 Blink                    Tloc           16%        N/A       14%         2
 Gell's Gravitas          Tloc           8%         N/A       26%         3
 Lesser Beckoning         Tloc           8%         N/A       26%         3
 Teleport Other           Tloc           8%         N/A       26%         3
 Manifold Assault         Tloc           8%         N/A       94%         5

Inventory:

Hand Weapons
 g - a +0 flail
 Y - a +1 war axe of electrocution (melded)
Missiles
 q - 4 javelins
Armour
 d - a +0 cloak (melded)
 f - a +0 buckler (melded)
 h - a +3 chain mail (melded)
 m - a +0 pair of gloves (melded)
Jewellery
 i - an amulet of regeneration (around neck)
 k - a ring of protection from fire (melded)
 p - a +6 ring of strength (melded)
Scrolls
 o - a scroll of identify
Potions
 a - a potion of haste
 e - 3 potions of curing
 j - a potion of magic
 l - a potion of attraction {unknown}
 n - a potion of degeneration {unknown}
 r - a potion of mutation {unknown}

Dungeon Overview and Level Annotations

Branches:
Dungeon (11/15)            Temple (0/1) D:5
   Lair: D:8-11         Orc: D:9-12

Altars:
Fedhas
Gozag
Nemelex Xobeh
Okawaru
Wu Jian
Zin

Shops:
D:4 =(=   D:9 [

Annotations:
D:3 1 runed translucent door, Crazy Yiuf
D:9 Maurice


Message History

You kill the kobold!
You barely miss the cyan ugly thing. You hit the cyan ugly thing.
Your peck misses the cyan ugly thing.
The cyan ugly thing is moderately wounded.
The cyan ugly thing claws you but does no damage.
Maurice gestures wildly while chanting.
Maurice flickers and vanishes!
Deactivating autopickup; reactivate with Ctrl-A.
You slash the cyan ugly thing! You claw the cyan ugly thing!
The cyan ugly thing is severely wounded.
The cyan ugly thing barely misses you.
You hear a zap.
You turn into a filthy swine.
Your +1 war axe of electrocution melds into your body.
Your +0 cloak melds into your body.
Your +0 pair of gloves melds into your body.
Your +0 buckler melds into your body.
Your +3 chain mail melds into your body.
Your ring of protection from fire melds into your body.
Your +6 ring of strength melds into your body.
Your +1 war axe of electrocution stops crackling.
You feel weaker.
You hit the cyan ugly thing.
The cyan ugly thing is severely wounded.
The cyan ugly thing misses you.
You hit the cyan ugly thing but do no damage.
The cyan ugly thing is heavily wounded.
You hit the cyan ugly thing.
The cyan ugly thing is severely wounded.
The cyan ugly thing claws you! The cyan ugly thing shocks you!
You hit the cyan ugly thing.
The cyan ugly thing is severely wounded.
The cyan ugly thing completely misses you.
You barely miss the cyan ugly thing.
The cyan ugly thing is severely wounded.
The cyan ugly thing closely misses you.
You bite the cyan ugly thing!
The cyan ugly thing is severely wounded.
The cyan ugly thing claws you!
You die...

### # #.8. .. ..# #..
####.###8# #... #...
......... ..##
.....######........ ###
......u)....######## ...
......)h....##.....##.#.
####.#####............#.
#...........#..
#...........#..
#..............
#..............
...........%....
..#.........%.[<)
...#............%.


You could see a cyan ugly thing.

Vanquished Creatures
  A centaur warrior (D:9)
  2 trolls
  2 hornets
  Prince Ribbit (D:8)
  Sigmund (D:3)
  6 wyverns
  A shadow (D:9)
  12 yaks
  4 vampire mosquitoes (D:9)
  A water moccasin (D:7)
  An acid dragon (D:9)
  2 sky beasts (D:7)
  A black bear (D:5)
  2 ice beasts (D:5)
  2 ogres (D:5)
  An orc warrior (D:7)
  A centaur (D:8)
  5 kobold brigands
  3 bullfrogs
  7 necrophages
  3 scorpions
  6 wights
  A water moccasin zombie (D:4)
  12 killer bees
  2 howler monkeys
  6 orc priests
  7 jellies
  2 hounds
  5 iguanas
  Jessica (D:2)
  Ijyb (D:3)
  8 orc wizards
  A hound zombie (D:4)
  26 gnolls
  7 adders
  2 ufetubi
  An adder zombie (D:4)
  2 worms
  3 dart slugs
  27 orcs
  6 ball pythons
  4 endoplasms
  7 giant cockroaches
  4 goblins
  11 hobgoblins
  3 jackals (D:2)
  2 quokkas (D:2)
  6 bats
  14 frilled lizards
  51 kobolds
  3 rats
  4 bushes (D:4)
294 creatures vanquished.

Vanquished Creatures (others)
  A bush (D:4)
  15 plants
16 creatures vanquished.

Grand Total: 310 creatures vanquished

Notes
Turn   | Place    | Note
-------+----------+-------------------------------------------
     0 | D:1      | qw the Tengu Warper began the quest for the Orb.
     0 | D:1      | Reached XP level 1. HP: 12/12 MP: 4/4
     0 | D:1      | 0 ||| qw: Version: 0.1-a-89-g26bdef1
     0 | D:1      | 0 ||| qw: Game counter: 3286
     0 | D:1      | 0 ||| qw: Always use a shield: true
     0 | D:1      | 0 ||| qw: God list: Okawaru
     0 | D:1      | 0 ||| qw: Allow faded altars: false
     0 | D:1      | 0 ||| qw: Do Orc after D:15 true
     0 | D:1      | 0 ||| qw: Do second Lair branch before Depths: true
     0 | D:1      | 0 ||| qw: Lair rune preference: random
     0 | D:1      | 0 ||| qw: Plans: Normal
     0 | D:1      | 0 ||| PLANNING D:1-11
    55 | D:1      | 55 ||| DROPPING +0 club.
    94 | D:1      | Reached skill level 3 in Axes
    94 | D:1      | Reached XP level 2. HP: 13/17 MP: 6/6
   370 | D:1      | 370 ||| Stepping ~*~*~tactically~*~*~ (stealth).
   372 | D:1      | 372 ||| Stepping ~*~*~tactically~*~*~ (hiding).
   412 | D:1      | 412 ||| Stepping ~*~*~tactically~*~*~ (stealth).
   663 | D:1      | 663 ||| Stepping ~*~*~tactically~*~*~ (stealth).
   691 | D:1      | Reached XP level 3. HP: 12/21 MP: 7/7
   872 | D:1      | Reached skill level 4 in Axes
   960 | D:1      | 960 ||| UPGRADING to +0 cloak.
   965 | D:1      | 965 ||| UPGRADING to +0 pair of gloves.
   970 | D:1      | 970 ||| UPGRADING to amulet of regeneration.
   975 | D:1      | 975 ||| UPGRADING to ring of protection from fire.
   976 | D:1      | 976 ||| READING scroll labelled QUDECO ESEOJ.
   977 | D:1      | 977 ||| READING scroll labelled JAYFUSK QIERR.
   981 | D:1      | 981 ||| DRINKING 3 bubbling grey potions.
   982 | D:1      | 982 ||| DROPPING scroll of blinking.
  1041 | D:2      | 1041 ||| FLEEEEING.
  1053 | D:2      | Reached XP level 4. HP: 21/26 MP: 8/8
  1123 | D:2      | 1123 ||| Stepping ~*~*~tactically~*~*~ (stealth).
  1271 | D:2      | 1271 ||| Stepping ~*~*~tactically~*~*~ (stealth).
  1273 | D:2      | 1273 ||| Stepping ~*~*~tactically~*~*~ (stealth).
  1324 | D:2      | Found a faded altar of an unknown god.
  1392 | D:2      | Reached skill level 5 in Axes
  1463 | D:2      | 1463 ||| Stepping ~*~*~tactically~*~*~ (stealth).
  1464 | D:2      | 1464 ||| Stepping ~*~*~tactically~*~*~ (stealth).
  1496 | D:2      | 1496 ||| DROPPING +0 whip.
  1511 | D:2      | 1511 ||| DROPPING +2 whip of electrocution.
  1554 | D:2      | Noticed Jessica
  1556 | D:2      | 1556 ||| Stepping ~*~*~tactically~*~*~ (water).
  1567 | D:2      | HP: 6/26 [Jessica/+0 dagger (3)]
  1568 | D:2      | 1568 ||| READING scroll of teleportation.
  1569 | D:2      | 1569 ||| FLEEEEING.
  1572 | D:2      | Killed Jessica
  1573 | D:2      | Gained mutation: Your magical nature lets you fly swiftly
                  | and evasively. [Tengu growth]
  1573 | D:2      | Reached XP level 5. HP: 12/30 MP: 9/9
  1827 | D:2      | 1827 ||| UPGRADING to +0 buckler.
  1832 | D:2      | 1832 ||| UPGRADING to +0 chain mail.
  1842 | D:2      | 1842 ||| DROPPING +0 leather armour.
  1843 | D:2      | 1843 ||| READING scroll labelled PURIDI HOWESCHI.
  1844 | D:2      | 1844 ||| READING scroll labelled AXOWKOAKIS.
  1947 | D:3      | Reached skill level 1 in Shields
  1953 | D:3      | 1953 ||| Stepping ~*~*~tactically~*~*~ (stealth).
  2181 | D:3      | Found an iron altar of Okawaru.
  2187 | D:3      | Became a worshipper of Warmaster Okawaru
  2240 | D:3      | Found a runed translucent door.
  2241 | D:3      | Noticed Crazy Yiuf
  2269 | D:3      | Noticed Sigmund
  2278 | D:3      | 2278 ||| DRINKING 3 potions of curing.
  2278 | D:3      | 2278 ||| (to cure confusion)
  2280 | D:3      | Killed Sigmund
  2280 | D:3      | Reached * piety under Okawaru
  2281 | D:3      | Reached skill level 7 in Axes
  2281 | D:3      | Reached XP level 6. HP: 16/35 MP: 10/10
  2284 | D:3      | HP: 8/35 [poisoned by Sigmund]
  2287 | D:3      | Noticed Ijyb
  2288 | D:3      | 2288 ||| Stepping ~*~*~tactically~*~*~ (stealth).
  2289 | D:3      | 2289 ||| Stepping ~*~*~tactically~*~*~ (stealth).
  2289 | D:3      | HP: 6/35 [poisoned by Sigmund]
  2327 | D:3      | 2327 ||| Stepping ~*~*~tactically~*~*~ (hiding).
  2332 | D:3      | 2332 ||| INVOKING Heroism.
  2333 | D:3      | 2333 ||| INVOKING Heroism.
  2354 | D:3      | Killed Ijyb
  2612 | D:3      | 2612 ||| READING scroll labelled MERHAU WAXINYICE.
  2631 | D:3      | 2631 ||| READING 2 scrolls of identify.
  2631 | D:3      | 2631 ||| IDENTIFYING bubbling white potion
  2668 | D:4      | Found Usyv's Jewellery Emporium.
  2672 | D:4      | 2672 ||| SHOPLISTING +4 ring of slaying (1014 gold, have
                  | 193).
  2672 | D:4      | 2672 ||| SHOPLISTING amulet of reflection (390 gold, have
                  | 193).
  2672 | D:4      | 2672 ||| SHOPLISTING amulet of the Commoners {rC+ Regen+
                  | Stlth+} (608 gold, have 193).
  2672 | D:4      | 2672 ||| SHOPLISTING ring of fire (325 gold, have 193).
  2672 | D:4      | 2672 ||| SHOPLISTING ring of ice (325 gold, have 193).
  2672 | D:4      | 2672 ||| SHOPLISTING ring of poison resistance (260 gold,
                  | have 193).
  2672 | D:4      | 2672 ||| SHOPLISTING ring of willpower (325 gold, have
                  | 193).
  2706 | D:4      | Reached XP level 7. HP: 40/40 MP: 11/11
  2769 | D:4      | 2769 ||| SWAPPING to +0 war axe.
  2770 | D:4      | 2770 ||| DROPPING +0 hand axe.
  2828 | D:4      | 2828 ||| INVOKING Heroism.
  2831 | D:4      | Reached skill level 3 in Fighting
  2838 | D:4      | HP: 9/41 [poisoned by a gnoll]
  2839 | D:4      | 2839 ||| DRINKING 2 potions of curing.
  2839 | D:4      | 2839 ||| (to cure poison)
  2894 | D:4      | 2894 ||| Stepping ~*~*~tactically~*~*~ (stealth).
  2902 | D:4      | 2902 ||| Stepping ~*~*~tactically~*~*~ (hiding).
  2904 | D:4      | 2904 ||| Stepping ~*~*~tactically~*~*~ (stealth).
  2906 | D:4      | 2906 ||| INVOKING Heroism.
  2917 | D:4      | Reached skill level 1 in Invocations
  2918 | D:4      | 2918 ||| INVOKING Heroism.
  3002 | D:4      | Found Qairph's Antique Weapon Shoppe.
  3005 | D:4      | 3005 ||| BUYING glowing war axe (149 gold).
  3005 | D:4      | Bought a glowing war axe for 149 gold pieces
  3005 | D:4      | 3005 ||| SWAPPING to +1 war axe of electrocution.
  3006 | D:4      | 3006 ||| DROPPING +0 war axe.
  3022 | D:4      | Found a blossoming altar of Fedhas.
  3043 | D:4      | Found Poabyalo's Jewellery Emporium.
  3044 | D:4      | 3044 ||| Stepping ~*~*~tactically~*~*~ (stealth).
  3046 | D:4      | 3046 ||| Stepping ~*~*~tactically~*~*~ (hiding).
  3162 | D:4      | 3162 ||| SHOPLISTING +4 ring of evasion (360 gold, have
                  | 71).
  3162 | D:4      | 3162 ||| SHOPLISTING +6 ring of dexterity (360 gold, have
                  | 71).
  3162 | D:4      | 3162 ||| SHOPLISTING ring of ice (250 gold, have 71).
  3332 | D:4      | 3332 ||| Stepping ~*~*~tactically~*~*~ (hiding).
  3334 | D:4      | 3334 ||| Stepping ~*~*~tactically~*~*~ (hiding).
  3347 | D:4      | Reached skill level 3 in Armour
  3538 | D:4      | 3538 ||| INVOKING Heroism.
  3554 | D:4      | 3554 ||| INVOKING Heroism.
  3581 | D:4      | 3581 ||| DROPPING amulet of guardian spirit.
  3582 | D:4      | 3582 ||| DROPPING ring of magical power.
  3583 | D:4      | 3583 ||| READING 2 scrolls of identify.
  3583 | D:4      | 3583 ||| IDENTIFYING bubbling blue potion
  3592 | D:4      | 3592 ||| INVOKING Heroism.
  3598 | D:4      | Reached skill level 8 in Axes
  3600 | D:4      | Reached XP level 8. HP: 42/46 MP: 9/12
  3618 | D:4      | 3618 ||| DROPPING potion of lignification.
  3643 | D:5      | Entered Level 5 of the Dungeon
  3690 | D:5      | 3690 ||| Stepping ~*~*~tactically~*~*~ (stealth).
  3694 | D:5      | 3694 ||| INVOKING Heroism.
  3707 | D:5      | 3707 ||| INVOKING Heroism.
  3709 | D:5      | HP: 11/46 [gnoll/+0 club (3)]
  3710 | D:5      | 3710 ||| READING scroll of teleportation.
  3720 | D:5      | 3720 ||| Stepping ~*~*~tactically~*~*~ (stealth).
  3723 | D:5      | Reached skill level 3 in Invocations
  3745 | D:5      | 3745 ||| Stepping ~*~*~tactically~*~*~ (stealth).
  3746 | D:5      | 3746 ||| Stepping ~*~*~tactically~*~*~ (stealth).
  3747 | D:5      | 3747 ||| Stepping ~*~*~tactically~*~*~ (stealth).
  3801 | D:5      | 3801 ||| INVOKING Heroism.
  3811 | D:5      | Reached ** piety under Okawaru
  3821 | D:5      | 3821 ||| Stepping ~*~*~tactically~*~*~ (stealth).
  3855 | D:5      | Found a staircase to the Ecumenical Temple.
  3926 | D:5      | Reached skill level 9 in Axes
  3956 | D:5      | 3956 ||| INVOKING Heroism.
  3986 | D:5      | 3986 ||| Stepping ~*~*~tactically~*~*~ (stealth).
  3989 | D:5      | 3989 ||| INVOKING Heroism.
  4003 | D:5      | 4003 ||| Stepping ~*~*~tactically~*~*~ (stealth).
  4010 | D:5      | 4010 ||| Stepping ~*~*~tactically~*~*~ (stealth).
  4019 | D:5      | 4019 ||| Stepping ~*~*~tactically~*~*~ (stealth).
  4045 | D:5      | 4045 ||| INVOKING Heroism.
  4224 | D:5      | 4224 ||| INVOKING Heroism.
  4249 | D:5      | 4249 ||| INVOKING Heroism.
  4254 | D:5      | Reached XP level 9. HP: 48/52 MP: 10/13
  4347 | D:5      | 4347 ||| Stepping ~*~*~tactically~*~*~ (stealth).
  4354 | D:5      | 4354 ||| Stepping ~*~*~tactically~*~*~ (stealth).
  4356 | D:5      | 4356 ||| INVOKING Heroism.
  4360 | D:5      | Reached skill level 10 in Axes
  4398 | D:5      | 4398 ||| INVOKING Heroism.
  4430 | D:5      | 4430 ||| INVOKING Heroism.
  4456 | D:5      | 4456 ||| INVOKING Heroism.
  4674 | D:5      | 4674 ||| Stepping ~*~*~tactically~*~*~ (stealth).
  4677 | D:5      | 4677 ||| Stepping ~*~*~tactically~*~*~ (stealth).
  4830 | D:6      | 4830 ||| INVOKING Heroism.
  4873 | D:6      | Found a glowing silver altar of Zin.
  4978 | D:6      | 4978 ||| INVOKING Heroism.
  4979 | D:6      | 4979 ||| Stepping ~*~*~tactically~*~*~ (stealth).
  4989 | D:6      | 4989 ||| Stepping ~*~*~tactically~*~*~ (stealth).
  4992 | D:6      | Reached skill level 3 in Shields
  4995 | D:6      | 4995 ||| INVOKING Heroism.
  5012 | D:6      | 5012 ||| INVOKING Heroism.
  5025 | D:6      | Reached skill level 11 in Axes
  5111 | D:6      | 5111 ||| INVOKING Heroism.
  5118 | D:6      | Reached skill level 3 in Dodging
  5274 | D:6      | 5274 ||| INVOKING Heroism.
  5322 | D:6      | 5322 ||| INVOKING Heroism.
  5410 | D:6      | 5410 ||| DROPPING amulet of faith.
  5411 | D:6      | 5411 ||| READING 2 scrolls of identify.
  5411 | D:6      | 5411 ||| IDENTIFYING orange potion
  5472 | D:7      | 5472 ||| Stepping ~*~*~tactically~*~*~ (stealth).
  5474 | D:7      | 5474 ||| Stepping ~*~*~tactically~*~*~ (stealth).
  5483 | D:7      | 5483 ||| INVOKING Heroism.
  5543 | D:7      | Reached XP level 10. HP: 59/59 MP: 14/14
  5577 | D:7      | Reached *** piety under Okawaru
  5582 | D:7      | 5582 ||| INVOKING Heroism.
  5585 | D:7      | HP: 14/59 [poisoned by a hornet]
  5586 | D:7      | 5586 ||| DRINKING potion of heal wounds.
  5586 | D:7      | Paralysed by a hornet for 3 turns
  5590 | D:7      | HP: 9/59 [poisoned by a hornet]
  5595 | D:7      | HP: 6/59 [poisoned by a hornet]
  5760 | D:7      | 5760 ||| INVOKING Heroism.
  5776 | D:7      | Reached skill level 12 in Axes
  5793 | D:7      | Found an ornate altar of the Wu Jian Council.
  5882 | D:7      | 5882 ||| INVOKING Heroism.
  5885 | D:7      | Reached skill level 6 in Fighting
  5899 | D:7      | 5899 ||| INVOKING Heroism.
  5975 | D:7      | Found an opulent altar of Gozag.
  6003 | D:7      | 6003 ||| INVOKING Heroism.
  6071 | D:7      | Found a sparkling altar of Nemelex Xobeh.
  6207 | D:7      | 6207 ||| UPGRADING to +3 chain mail.
  6217 | D:7      | 6217 ||| DROPPING +0 chain mail.
  6218 | D:7      | 6218 ||| READING scroll labelled RAEQ PYUMOIRR.
  6219 | D:7      | 6219 ||| READING scroll labelled IMEH EDWIEGA.
  6220 | D:7      | 6220 ||| READING 3 scrolls of identify.
  6220 | D:7      | 6220 ||| IDENTIFYING sedimented silvery potion
  6221 | D:7      | 6221 ||| READING 2 scrolls of identify.
  6221 | D:7      | 6221 ||| IDENTIFYING purple potion
  6222 | D:7      | 6222 ||| DROPPING potion of flight.
  6223 | D:7      | 6223 ||| READING scroll of teleportation.
  6266 | D:8      | 6266 ||| INVOKING Heroism.
  6331 | D:8      | Noticed Prince Ribbit
  6343 | D:8      | 6343 ||| INVOKING Heroism.
  6364 | D:8      | Killed Prince Ribbit
  6509 | D:8      | 6509 ||| INVOKING Heroism.
  6524 | D:8      | Reached **** piety under Okawaru
  6525 | D:8      | Reached skill level 13 in Axes
  7180 | D:9      | 7180 ||| Stepping ~*~*~tactically~*~*~ (stealth).
  7183 | D:9      | 7183 ||| Stepping ~*~*~tactically~*~*~ (stealth).
  7191 | D:9      | 7191 ||| Stepping ~*~*~tactically~*~*~ (stealth).
  7246 | D:9      | You are sucked into a shaft and drop 2 floors!
  7269 | D:11     | 7269 ||| INVOKING Heroism.
  7304 | D:11     | 7304 ||| UPGRADING to +6 ring of strength.
  7314 | D:10     | Entered Level 10 of the Dungeon
  7326 | D:10     | 7326 ||| READING 2 scrolls of identify.
  7326 | D:10     | 7326 ||| IDENTIFYING smoky blue potion
  7327 | D:10     | 7327 ||| DROPPING potion of berserk rage.
  7338 | D:10     | 7338 ||| FLEEEEING.
  7339 | D:10     | 7339 ||| STAIRDANCE
  7340 | D:9      | Found Qadiso Suluy's Antique Armour Boutique.
  7359 | D:9      | 7359 ||| BUYING embroidered scarf (296 gold).
  7359 | D:9      | Bought an embroidered scarf for 296 gold pieces
  7359 | D:9      | 7359 ||| SHOPLISTING shiny plate armour (962 gold, have
                  | 194).
  7359 | D:9      | 7359 ||| SHOPLISTING translucent chain mail (351 gold, have
                  | 194).
  7368 | D:9      | 7368 ||| Stepping ~*~*~tactically~*~*~ (hiding).
  7370 | D:9      | 7370 ||| Stepping ~*~*~tactically~*~*~ (stealth).
  7371 | D:9      | 7371 ||| INVOKING Heroism.
  7392 | D:9      | HP: 15/60 [acid dragon/splash of acid (19)]
  7393 | D:9      | 7393 ||| DRINKING 4 potions of heal wounds.
  7394 | D:9      | 7394 ||| INVOKING Heroism.
  7396 | D:9      | HP: 4/60 [orc priest/divine providence (13)]
  7397 | D:9      | 7397 ||| DRINKING 3 potions of heal wounds.
  7399 | D:9      | Reached skill level 3 in Throwing
  7401 | D:9      | HP: 15/60 [troll (1)]
  7402 | D:9      | 7402 ||| DRINKING 2 potions of heal wounds.
  7405 | D:9      | Reached XP level 11. HP: 33/64 MP: 13/15
  7405 | D:9      | 7405 ||| Stepping ~*~*~tactically~*~*~ (stealth).
  7410 | D:9      | 7410 ||| FLEEEEING.
  7429 | D:9      | 7429 ||| INVOKING Heroism.
  7452 | D:9      | Reached skill level 6 in Invocations
  7454 | D:9      | 7454 ||| INVOKING Heroism.
  7456 | D:9      | 7456 ||| FLEEEEING.
  7457 | D:9      | 7457 ||| FLEEEEING.
  7458 | D:9      | 7458 ||| STAIRDANCE
  7491 | D:8      | 7491 ||| DROPPING scarf of shadows.
  7495 | D:9      | 7495 ||| INVOKING Heroism.
  7497 | D:9      | Reached ***** piety under Okawaru
  7509 | D:9      | 7509 ||| STAIRDANCE
  7546 | D:9      | Noticed a centaur warrior
  7552 | D:9      | 7552 ||| INVOKING Heroism.
  7560 | D:9      | Killed a centaur warrior
  7569 | D:9      | HP: 15/64 [vampire mosquito (4)]
  7569 | D:9      | Noticed Maurice
  7570 | D:9      | 7570 ||| DRINKING potion of heal wounds.
  7575 | D:9      | 7575 ||| INVOKING Heroism.
  7575 | D:9      | Noticed a cyan ugly thing
  7582 | D:9      | Identified the +1 scale mail of Luntie Heneh {rElec Slay+3
                  | Stlth-} (Okawaru gifted it to you on level 9 of the
                  | Dungeon)
  7582 | D:9      | Received a gift from Okawaru
  7591 | D:9      | HP: 4/64 [cyan ugly thing (17)]
  7594 | D:9      | Slain by a cyan ugly thing

Levels and vault maps discovered:
D:1:      psy_arrival_statuary, layout_basic
D:2:      cheibrodos_helix_gallery, layout_loops_ring, basic_ecumenical_altar,
          uniq_jessica
D:3:      layout_basic, mainiacjoe_overflow_alcove_2, dk_noncrumbling_3,
          grunt_decor_fettered, dreamdust_wishing_well, moated_statue,
          minmay_misc_feat_enclosed, minmay_lizard_king, uniq_sigmund,
          uniq_crazy_yiuf_cottage, uniq_ijyb
D:4:      layout_basic, fedhas_altar_decomposition, serial_shops,
          nicolae_shop_hallway_stairs, kennysheep_mini, shop
D:5:      minmay_goblin_kobold_castle, layout_cave_pools, temple_hall,
          minmay_misc_feat_doors
D:6:      layout_basic, nicolae_overflow_crystal_walls
D:7:      layout_cave_pools, lemuel_crystal_altar,
          nicolae_wu_jian_immortal_techniques, nemelex_spade_bored_becter,
          minmay_misc_feat_nine_boxes, kennysheep_dice
D:8:      layout_loops_corners, uniq_prince_ribbit1
D:9:      minmay_the_grid_3x2 [minmay_the_grid_plusring,
          minmay_the_grid_small_cups, minmay_the_grid_mess,
          minmay_the_grid_gridbox, minmay_the_grid_minigrid_large,
          minmay_the_grid_prize_inner_circle], layout_rooms, orc_0_dummy,
          serial_shops, shop, nicolae_stop_n_shop_1, shop,
          nicolae_shop_statue_plus, uniq_maurice
D:10:     layout_rooms, enter_bailey_4
D:11:     layout_cave_pools, david_lair_shrubbed

Skill      XL: |  1  2  3  4  5  6  7  8  9 10 11 |
---------------+----------------------------------+-----
Axes           | 3 4 5 7 8 9 11 13 | 13.8
Shields        | 1 2 3 4 |  4.3
Armour         | 2 3 5 |  5.1
Fighting       | 3 4 5 6 |  6.1
Invocations    | 2 4 5 6 |  6.8
Dodging        | 3 4 |  4.0
Throwing       | 3 |  3.0
Spellcasting   | |  2.0
Translocations | |  2.4

Action                   |  1- 3 |  4- 6 |  7- 9 | 10-12 || total
-------------------------+-------+-------+-------+-------++-------
Melee: Hand axe          |    59 |   143 |       |       ||   202
       Kick              |    11 |    43 |    79 |    64 ||   197
       Peck              |     6 |    32 |    58 |    41 ||   137
       Punch             |     1 |     1 |       |       ||     2
       War axe           |       |       |   300 |   238 ||   538
       Unarmed           |       |       |       |     6 ||     6
Throw: Boomerang         |     7 |       |    17 |       ||    24
       Javelin           |       |       |       |     4 ||     4
Invok: Heroism           |       |     1 |    26 |    16 ||    43
  Use: Scroll            |     2 |     5 |     3 |     6 ||    16
       Potion            |     1 |     1 |     1 |     5 ||     8
Armor: Leather armour    |    11 |    21 |       |       ||    32
       Chain mail        |       |    39 |   110 |   106 ||   255
Dodge: Dodged            |    33 |    50 |    73 |   121 ||   277
Block: Buckler           |       |    18 |    42 |    67 ||   127

Table legend:
 A = Non-vault XP
 B = Vault XP
 C = Vault XP percentage of total XP
 D = Non-vault monster count
 E = Vault monster count
 F = Vault count percentage of total count
                 A         B        C        D         E       F
            +---------+---------+-------+---------+---------+-------
      Total |    8729 |    4779 |  35.4 |     200 |      90 |  31.0
            +---------+---------+-------+---------+---------+-------
        D:1 |      47 |       0 |   0.0 |      22 |       0 |   0.0
        D:2 |      88 |      44 |  33.3 |      22 |       3 |  12.0
        D:3 |     109 |     284 |  72.3 |      13 |      11 |  45.8
        D:4 |     275 |     453 |  62.2 |      28 |       7 |  20.0
        D:5 |    1067 |     359 |  25.2 |      23 |      49 |  68.1
        D:6 |    1742 |       0 |   0.0 |      22 |       0 |   0.0
        D:7 |    1990 |     141 |   6.6 |      32 |       2 |   5.9
        D:8 |     736 |     283 |  27.8 |      12 |       1 |   7.7
        D:9 |    2379 |    3215 |  57.5 |      25 |      17 |  40.5
       D:11 |     296 |       0 |   0.0 |       1 |       0 |   0.0
            +---------+---------+-------+---------+---------+-------
